 Dungeon Crawl Stone Soup version 0.28.0-49-g6dfe1f597d (webtiles) character file.

Game seed: 8848451273806403333

97 nickcage the Slasher (level 5, -2/41 HPs)
             Began as a Formicid Abyssal Knight on May 11, 2022.
             Was a Follower of Lugonu.
             Slain by an orc wizard
             ... wielding a +0 dagger
              (3 damage)
             ... on level 4 of the Dungeon.
             The game lasted 00:04:44 (3428 turns).

nickcage the Slasher (Formicid Abyssal Knight)      Turns: 3428, Time: 00:04:45

Health: -2/41      AC:  5    Str: 20    XL:     5   Next: 0%
Magic:  6/6        EV: 10    Int:  9    God:    Lugonu [*.....]
Gold:   183        SH:  0    Dex: 11    Spells: 4/4 levels left

rFire   . . .      SeeInvis +   a - +1 falchion
rCold   . . .      Faith    .   (no shield)
rNeg    . . .      Spirit   .   j - +0 ring mail
rPois   .          Reflect  .   (helmet unavailable)
rElec   .          Harm     .   (no cloak)
rCorr   .          Rampage  .   (no gloves)
Will    .....                   (no boots)
Stlth   ..........              (no amulet)
HPRegen 0.13/turn               (no ring)
MPRegen 0.10/turn               (no ring)

@: confused
A: permanent stasis, dig shafts and tunnels, antennae 3, four strong arms
a: Dig, Shaft Self, Renounce Religion, Depart the Abyss


You were on level 4 of the Dungeon.
You worshipped Lugonu.
Lugonu was aware of your devotion.
You visited 1 branch of the dungeon, and saw 4 of its levels.
You visited the Abyss 1 time.

You collected 183 gold pieces.

Inventory:

Hand Weapons
 a - a +1 falchion (weapon)
Armour
 b - a +0 leather armour
 j - a +0 ring mail (worn)
Jewellery
 k - an amulet of regeneration
Scrolls
 e - a scroll of fear {unknown}
 f - a scroll of enchant armour {unknown}
 g - a scroll of immolation {unknown}
 h - a scroll of acquirement {unknown}
 l - a scroll of holy word {unknown}
 m - a scroll of teleportation {unknown}
Potions
 c - a potion of curing {unknown}
 d - a potion of attraction {unknown}
 i - a potion of degeneration {unknown}


   Skills:
 - Level 3.2 Fighting
 * Level 4.7 Long Blades
 - Level 2.1 Armour
 - Level 0.8 Dodging
 - Level 2.1 Invocations


You had 4 spell levels left.
You didn't know any spells.
Your spell library contained the following spells:

 Spells                   Type           Power      Damage    Failure   Level
 Magic Dart               Conj           0%         1d3       56%         1
 Pain                     Necr           0%         1d4       56%         1
 Call Imp                 Summ           0%         N/A       71%         2
 Mephitic Cloud           Conj/Pois/Air  0%         N/A       90%         3
 Agony                    Necr           0%         N/A       100%        5
 Excruciating Wounds      Necr           0%         N/A       100%        5


Dungeon Overview and Level Annotations

Branches:
Dungeon (4/15)
 Temple: D:4-7

Altars:
Fedhas

Shops:
D:1 *(**


Innate Abilities, Weirdness & Mutations

You cannot be hasted, slowed, berserked, paralysed or teleported.
You can dig through walls and to a lower floor.
You have a pair of large antennae on your head. (SInv)
Your four strong arms can wield two-handed weapons with a shield.


Message History

The orc wizard flickers and vanishes for a moment.
The orc wizard hits you but does no damage.
The orc hits you from afar with a +0 trident.
You barely miss the orc wizard.
The orc wizard is severely wounded.
The orc wizard casts a spell at you. The puff of flame hits you.
The orc hits you from afar with a +0 trident.
You are too injured to fight recklessly!
You are too injured to fight recklessly!
You are too injured to fight recklessly!
You are too injured to fight recklessly!
You miss the orc wizard.
The orc wizard is severely wounded.
The orc wizard closely misses you.
The orc hits you from afar with a +0 trident!
* * * LOW HITPOINT WARNING * * *
The orc wizard points at you and mumbles some strange words.
You are confused.
The orc wizard points at you and mumbles some strange words.
You are more confused.
The orc hits you from afar with a +0 trident.
* * * LOW HITPOINT WARNING * * *
The orc wizard hits you with a +0 dagger.
* * * LOW HITPOINT WARNING * * *
The orc hits you from afar with a +0 trident.
* * * LOW HITPOINT WARNING * * *
You bump into the rock wall.
The orc barely misses you. The orc barely misses you.
The orc wizard hits you but does no damage.
The orc wizard hits you but does no damage.
The orc hits you with a +0 trident.
* * * LOW HITPOINT WARNING * * *
You bump into the rock wall.
The orc wizard barely misses you. The orc hits you with a +0 trident.
* * * LOW HITPOINT WARNING * * *
You hit the orc but do no damage. You punch the orc.
The orc is lightly wounded.
The orc wizard hits you with a +0 dagger.
You die...

#.......##..#
#.......##..#
#.......##..#
##.###..##..#
#.........<#..
#####......)......
##.#####...###
.########.######.##
......o.oo@...$..#
#########oo..###.#
####.# .# .# .# ##


You could see 2 orc wizards and 3 orcs.

Vanquished Creatures
  5 adders
  2 worms (D:4)
  4 orcs (D:3)
  4 endoplasms
  A giant cockroach (D:3)
  6 hobgoblins
  3 jackals (D:1)
  A ball python (D:3)
  6 bats
  A frilled lizard (D:1)
  4 goblins
  3 kobolds
  4 rats (D:1)
44 creatures vanquished.

Notes
Turn   | Place    | Note
-------+----------+-------------------------------------------
     0 | Abyss:1  | nickcage the Formicid Abyssal Knight began the quest for
                  | the Orb.
     0 | Abyss:1  | Reached XP level 1. HP: 18/18 MP: 2/2
     0 | D:1      | Escaped the Abyss
    44 | D:1      | Reached * piety under Lugonu
   140 | D:1      | Found Qyrchim's General Store.
   168 | D:1      | Found Kiomoum's General Store.
   197 | D:1      | Reached XP level 2. HP: 24/24 MP: 3/3
   440 | D:1      | Found Yjuharao's Antique Weapon Shoppe.
   467 | D:1      | Found Cymaut's General Store.
   659 | D:1      | Reached skill level 3 in Long Blades
  1133 | D:2      | Reached XP level 3. HP: 15/29 MP: 4/4
  1463 | D:2      | Reached skill level 4 in Long Blades
  1463 | D:2      | Reached XP level 4. HP: 27/35 MP: 5/5
  1549 | D:2      | Found a blossoming altar of Fedhas.
  2011 | D:2      | Found a faded altar of an unknown god.
  3328 | D:4      | Reached XP level 5. HP: 32/41 MP: 6/6
  3427 | D:4      | HP: 1/41 [orc/+0 trident (5)]
  3428 | D:4      | Slain by an orc wizard

Illustrated notes

Levels and vault maps discovered:
D:1:      sevenhm_arrival_forest_fort_small_5, layout_basic, serial_shops, shop,
          shop_coins, nicolae_shop_window_shopping, shop
D:2:      layout_loops_ring, basic_altar, hellmonk_ecumenical_altar_run_dry,
          supply_closet_lemuel
D:3:      layout_loops_ring, corner_web_ring, minmay_misc_feat_ornament
D:4:      layout_loops_ring, mainiacjoe_overflow_brackets,
          kennysheep_generic_room_3

Skill      XL: |  1  2  3 |
---------------+----------+-----
Long Blades    | 3 4 |  4.7
Fighting       | |  3.2
Armour         | |  2.1
Dodging        | |  0.8
Invocations    | |  2.1

Action                   |  1- 3 |  4- 6 || total
-------------------------+-------+-------++-------
Melee: Falchion          |    86 |    80 ||   166
       Punch             |     1 |     3 ||     4
Invok: Depart the Abyss  |     1 |       ||     1
Armor: Leather armour    |    21 |    10 ||    31
       Ring mail         |       |    13 ||    13
Dodge: Dodged            |    55 |    34 ||    89
